MLB
COLORADO ROCKIES @ ST. LOUIS CARDINALS
06/18/2020
 
TOP OF THE 1ST
Colorado Rockies batting - Pitching for St. Louis Cardinals : RHP Jack Flaherty
Pitching: RHP Jack Flaherty
Batting: LHB Raimel Tapia 0-0: Fly out, F8 (Line Drive, 8LD, EV 85.6 MPH)
Batting: RHB Trevor Story 0-0: Called Strike
0-1: Ball
1-1: Swinging Strike
1-2: Hit by Pitch
Batting: LHB Charlie Blackmon 0-0: Ball
1-0: Ball
2-0: Ball
Wild Pitch!
Trevor Story to second
3-0: Base on Balls
Batting: RHB Nolan Arenado 0-0: Foul Ball, location: 2F
0-1: Fly out, F7 (Line Drive, 7, EV 91.9 MPH)
Batting: LHB Daniel Murphy 0-0: Foul Ball, location: 2F
0-1: Ball
1-1: Foul Ball, location: 2F
1-2: Fielders Choice at 2nd, U4 (Groundball, 4M, EV 78.8 MPH)
Top of the 1st over - 0 runs, 0 hits, 0 errors, 2 left on base; Colorado 0 - St. Louis 0
BOTTOM OF THE 1ST
St. Louis Cardinals batting - Pitching for Colorado Rockies : RHP Antonio Senzatela
Pitching: RHP Antonio Senzatela
Batting: LHB Kolten Wong 0-0: Ground out 4-3 (Groundball, 4, EV 101.9 MPH)
Batting: LHB Matt Carpenter 0-0: Bunt for hit to 13 - play at first, batter OUT! 1-3
Batting: RHB Paul Goldschmidt 0-0: Ball
1-0: Foul Ball, location: 2F
1-1: Ball
2-1: Swinging Strike
2-2: Ball
3-2: Base on Balls
Batting: LHB Brad Miller 0-0: Ball
1-0: Ball
2-0: Ball
3-0: Foul Ball, location: 2F
3-1: Foul Ball, location: 2F
3-2: Strikes out swinging
Bottom of the 1st over - 0 runs, 0 hits, 0 errors, 1 left on base; Colorado 0 - St. Louis 0
TOP OF THE 2ND
Colorado Rockies batting - Pitching for St. Louis Cardinals : RHP Jack Flaherty
Batting: RHB Brendan Rodgers 0-0: Ground out 5-3 (Groundball, 5, EV 90.6 MPH)
Batting: LHB Tony Wolters 0-0: Called Strike
0-1: Ball
1-1: Swinging Strike
1-2: Foul Ball, location: 2F
1-2: Foul Ball, location: 2F
1-2: Ball
2-2: Ball
3-2: Fly out, F7 (Flyball, 7S, EV 90.0 MPH)
Batting: RHB Yonathan Daza 0-0: Ball
1-0: Ball
2-0: Ball
3-0: Called Strike
3-1: Base on Balls
Batting: RHB Antonio Senzatela 0-0: Called Strike
0-1: Swinging Strike
0-2: Ball
1-2: Strikes out looking
Top of the 2nd over - 0 runs, 0 hits, 0 errors, 1 left on base; Colorado 0 - St. Louis 0
BOTTOM OF THE 2ND
St. Louis Cardinals batting - Pitching for Colorado Rockies : RHP Antonio Senzatela
Batting: RHB Tyler O'Neill 0-0: Ball
1-0: Called Strike
1-1: Foul Ball, location: 2F
1-2: Ball
2-2: Foul Ball, location: 2F
2-2: SOLO HOME RUN (Flyball, 7D, EV 103.1 MPH), Distance : 390 ft
Batting: RHB Paul DeJong 0-0: Foul Ball, location: 2F
0-1: Swinging Strike
0-2: Ball
1-2: Ball
2-2: Ball
3-2: Base on Balls
Batting: RHB Harrison Bader 0-0: Ball
1-0: Fly out, F7 (Flyball, 78D, EV 107.5 MPH)
Batting: RHB Yadier Molina 0-0: Ball
1-0: Foul Ball, location: 2F
1-1: Foul Ball, location: 2F
1-2: Ball
2-2: SINGLE (Line Drive, 89S, EV 101.9 MPH)
Paul DeJong to second
Batting: RHB Jack Flaherty 0-0: Ball
1-0: Ball
2-0: Ball
3-0: Called Strike
3-1: DOUBLE (Line Drive, 89M, EV 88.8 MPH)
Paul DeJong scores
Yadier Molina to third
Runner from 3rd tries for Home, SAFE, throw by CF to home
Batting: LHB Kolten Wong 0-0: Ball
1-0: Called Strike
1-1: Foul Ball, location: 2F
1-2: Ball
2-2: Foul Ball, location: 2F
2-2: Ball
3-2: Fly out, F4 (Line Drive, 4, EV 66.9 MPH)
Batting: LHB Matt Carpenter 0-0: Foul Ball, location: 2F
0-1: Ball
1-1: Ball
2-1: Ball
3-1: Called Strike
3-2: Foul Ball, location: 2F
3-2: Foul Ball, location: 2F
3-2: Foul Ball, location: 2F
3-2: Base on Balls
Batting: RHB Paul Goldschmidt 0-0: Ball
1-0: Called Strike
1-1: Ball
2-1: Foul Ball, location: 2F
2-2: Fly out, F3 (Popup, 3F, EV 71.9 MPH)
Bottom of the 2nd over - 3 runs, 3 hits, 0 errors, 2 left on base; Colorado 0 - St. Louis 3
TOP OF THE 3RD
Colorado Rockies batting - Pitching for St. Louis Cardinals : RHP Jack Flaherty
Batting: LHB Raimel Tapia 0-0: Called Strike
0-1: Ball
1-1: Ball
2-1: Ball
3-1: Ground out 4-3 (Groundball, 4S, EV 81.9 MPH)
Batting: RHB Trevor Story 0-0: Foul Ball, location: 2F
0-1: Ball
1-1: Swinging Strike
1-2: Ball
2-2: Ball
3-2: Strikes out swinging
Batting: LHB Charlie Blackmon 0-0: Ball
1-0: Called Strike
1-1: Called Strike
1-2: Ball
2-2: Ball
3-2: DOUBLE (Groundball, 3L, EV 103.1 MPH)
Batting: RHB Nolan Arenado 0-0: Foul Ball, location: 2F
0-1: Ball
1-1: Foul Ball, location: 2F
1-2: DOUBLE (Line Drive, 7LS, EV 98.1 MPH)
Charlie Blackmon scores
Batting: LHB Daniel Murphy 0-0: Ball
1-0: Called Strike
1-1: SINGLE (Groundball, 5S, EV 65.6 MPH) (infield hit)
Nolan Arenado to third
Batting: RHB Brendan Rodgers 0-0: DOUBLE (Line Drive, 9LS, EV 93.1 MPH)
Nolan Arenado scores
Daniel Murphy to third
Runner from 3rd tries for Home, SAFE, throw by RF to home
Batting: LHB Tony Wolters 0-0: Ball
Wild Pitch!
Brendan Rodgers to third
1-0: Ball
Passed Ball!
Brendan Rodgers scores
2-0: Fly out, F8 (Line Drive, 8LD, EV 111.3 MPH)
Top of the 3rd over - 4 runs, 4 hits, 0 errors, 0 left on base; Colorado 4 - St. Louis 3
BOTTOM OF THE 3RD
St. Louis Cardinals batting - Pitching for Colorado Rockies : RHP Antonio Senzatela
Batting: LHB Brad Miller 0-0: Ground out 6-3 (Groundball, 4M, EV 82.5 MPH)
Batting: RHB Tyler O'Neill 0-0: Called Strike
0-1: Foul Ball, location: 2F
0-2: Ball
1-2: SOLO HOME RUN (Flyball, 78XD, EV 103.8 MPH), Distance : 427 ft
Batting: RHB Paul DeJong 0-0: Ball
1-0: Foul Ball, location: 2F
1-1: Foul Ball, location: 2F
1-2: Ball
2-2: Fly out, F7 (Flyball, 78D, EV 98.1 MPH)
Batting: RHB Harrison Bader 0-0: Called Strike
0-1: SINGLE (Groundball, 4MD, EV 93.8 MPH)
Batting: RHB Yadier Molina 0-0: Ball
1-0: Foul Ball, location: 2F
1-1: Foul Ball, location: 2F
1-2: Ground out 6-3 (Groundball, 6M, EV 103.1 MPH)
Bottom of the 3rd over - 1 run, 2 hits, 0 errors, 1 left on base; Colorado 4 - St. Louis 4
TOP OF THE 4TH
Colorado Rockies batting - Pitching for St. Louis Cardinals : RHP Jack Flaherty
Batting: RHB Yonathan Daza 0-0: Ball
1-0: Fly out, F7 (Flyball, 7S, EV 90.6 MPH)
Batting: RHB Antonio Senzatela 0-0: Ball
1-0: Foul Ball, location: 2F
1-1: Foul Ball, location: 2F
1-2: Foul Ball, location: 2F
1-2: Strikes out swinging
Batting: LHB Raimel Tapia 0-0: Ground out 4-3 (Groundball, 4M, EV 83.8 MPH)
Top of the 4th over - 0 runs, 0 hits, 0 errors, 0 left on base; Colorado 4 - St. Louis 4
BOTTOM OF THE 4TH
St. Louis Cardinals batting - Pitching for Colorado Rockies : RHP Antonio Senzatela
Pinch Hitting: SHB Tommy Edman 0-0: Fly out, F6 (Popup, 6D, EV 45.6 MPH)
Batting: LHB Kolten Wong 0-0: Ball
1-0: Ball
2-0: Bunt for hit to 15 - play at first, batter OUT! 1-3
Batting: LHB Matt Carpenter 0-0: Ball
1-0: Ball
2-0: Called Strike
2-1: Ball
3-1: Base on Balls
Batting: RHB Paul Goldschmidt 0-0: Fly out, F8 (Flyball, 8RD, EV 90.6 MPH)
Bottom of the 4th over - 0 runs, 0 hits, 0 errors, 1 left on base; Colorado 4 - St. Louis 4
TOP OF THE 5TH
Colorado Rockies batting - Pitching for St. Louis Cardinals : RHP Jack Flaherty
Pitching: LHP Tyler Webb
Batting: RHB Trevor Story 0-0: DOUBLE (Line Drive, 89M, EV 106.3 MPH)
Batting: LHB Charlie Blackmon 0-0: Ball
1-0: Ball
2-0: Ground out 6-3 (Groundball, 6MD, EV 98.1 MPH)
Trevor Story to third
Batting: RHB Nolan Arenado 0-0: Foul Ball, location: 2F
0-1: Called Strike
0-2: Ball
1-2: Ball
2-2: Ball
3-2: Foul Ball, location: 2F
3-2: Foul Ball, location: 2F
3-2: Base on Balls
Batting: LHB Daniel Murphy 0-0: Foul Ball, location: 2F
0-1: SINGLE (Groundball, 56D, EV 103.8 MPH)
Trevor Story scores
Nolan Arenado to second
Batting: RHB Brendan Rodgers 0-0: Called Strike
0-1: Ball
1-1: Swinging Strike
1-2: Hit by Pitch
Nolan Arenado to third
Daniel Murphy to second
Batting: LHB Tony Wolters 0-0: Foul Ball, location: 2F
0-1: Foul Ball, location: 2F
0-2: Ball
1-2: DOUBLE (Line Drive, 78D, EV 112.5 MPH)
Nolan Arenado scores
Daniel Murphy scores
Brendan Rodgers to third
Runner from 3rd tries for Home, throw by LF and OUT! 7-6-2
Pitching: RHP John Gant
Batting: RHB Yonathan Daza 0-0: Ball
1-0: Swinging Strike
1-1: Foul Ball, location: 2F
1-2: Ground out 1-3 (Groundball, 15S, EV 70.6 MPH)
Top of the 5th over - 3 runs, 3 hits, 0 errors, 1 left on base; Colorado 7 - St. Louis 4
BOTTOM OF THE 5TH
St. Louis Cardinals batting - Pitching for Colorado Rockies : RHP Antonio Senzatela
Batting: LHB Brad Miller 0-0: Foul Ball, location: 2F
0-1: Ball
1-1: Ground out 3-1 (Groundball, 34S, EV 85.6 MPH)
Batting: RHB Tyler O'Neill 0-0: Called Strike
0-1: Ball
1-1: Foul Ball, location: 2F
1-2: Strikes out looking
Batting: RHB Paul DeJong 0-0: Called Strike
0-1: Ball
1-1: Ball
2-1: Ball
3-1: Fly out, F8 (Line Drive, 8RD, EV 88.8 MPH)
Bottom of the 5th over - 0 runs, 0 hits, 0 errors, 0 left on base; Colorado 7 - St. Louis 4
TOP OF THE 6TH
Colorado Rockies batting - Pitching for St. Louis Cardinals : RHP John Gant
Pinch Hitting: LHB Mike Gerber 0-0: Ground out 5-3 (Groundball, 6, EV 84.4 MPH)
Batting: LHB Raimel Tapia 0-0: Called Strike
0-1: Ball
1-1: Ball
2-1: Foul Ball, location: 2F
2-2: Strikes out swinging
Batting: RHB Trevor Story 0-0: Swinging Strike
0-1: Ball
1-1: SOLO HOME RUN (Flyball, 78XD, EV 95.0 MPH), Distance : 462 ft
Batting: LHB Charlie Blackmon 0-0: Ball
1-0: Ball
2-0: Foul Ball, location: 2F
2-1: Ball
3-1: Fly out, F8 (Flyball, 8LM, EV 86.9 MPH)
Top of the 6th over - 1 run, 1 hit, 0 errors, 0 left on base; Colorado 8 - St. Louis 4
BOTTOM OF THE 6TH
St. Louis Cardinals batting - Pitching for Colorado Rockies : RHP Antonio Senzatela
Pitching: RHP Tommy Hunter
Batting: RHB Harrison Bader 0-0: Called Strike
0-1: Foul Ball, location: 2F
0-2: Ball
1-2: Strikes out swinging
Batting: RHB Yadier Molina 0-0: Ball
1-0: Ball
2-0: Called Strike
2-1: Ground out 5-3 (Groundball, 56, EV 91.3 MPH)
Pinch Hitting: RHB Rangel Ravelo 0-0: Ball
1-0: Called Strike
1-1: SINGLE (Flyball, 8RS, EV 96.9 MPH)
Batting: LHB Kolten Wong 0-0: Ball
1-0: Foul Ball, location: 2F
1-1: SINGLE (Line Drive, 7S, EV 97.5 MPH)
Rangel Ravelo to second
Batting: LHB Matt Carpenter 0-0: Foul Ball, location: 2F
0-1: Ball
1-1: Ball
Balk!
Rangel Ravelo to third
Kolten Wong to second
2-1: Foul Ball, location: 2F
2-2: Reached on error, E3 (Groundball, 3L, EV 80.6 MPH)
Rangel Ravelo scores
Kolten Wong to third
Batting: RHB Paul Goldschmidt 0-0: Foul Ball, location: 2F
0-1: Ball
1-1: Fly out, F8 (Flyball, 8LD, EV 103.8 MPH)
Bottom of the 6th over - 1 run, 2 hits, 1 error, 2 left on base; Colorado 8 - St. Louis 5
TOP OF THE 7TH
Colorado Rockies batting - Pitching for St. Louis Cardinals : RHP John Gant
Pitching: RHP Kodi Whitley
Batting: RHB Nolan Arenado 0-0: Called Strike
0-1: Ball
1-1: Swinging Strike
1-2: Ball
2-2: Strikes out looking
Batting: LHB Daniel Murphy 0-0: Foul Ball, location: 2F
0-1: Foul Ball, location: 2F
0-2: Strikes out swinging
Batting: RHB Brendan Rodgers 0-0: Ball
1-0: Swinging Strike
1-1: Called Strike
1-2: Ball
2-2: Ground out 6-3 (Groundball, 6, EV 81.9 MPH)
Top of the 7th over - 0 runs, 0 hits, 0 errors, 0 left on base; Colorado 8 - St. Louis 5
BOTTOM OF THE 7TH
St. Louis Cardinals batting - Pitching for Colorado Rockies : RHP Tommy Hunter
Batting: LHB Brad Miller 0-0: Foul Ball, location: 2F
0-1: Ball
1-1: Ball
2-1: Swinging Strike
2-2: Strikes out looking and he ARGUES THE CALL AND IS TOSSED!
Batting: RHB Tyler O'Neill 0-0: Ball
1-0: Foul Ball, location: 2F
1-1: Called Strike
1-2: Strikes out swinging
Batting: RHB Paul DeJong 0-0: Swinging Strike
0-1: Swinging Strike
0-2: Ball
1-2: SINGLE (Groundball, 56D, EV 108.1 MPH)
Pitching: RHP Bryan Shaw
Batting: RHB Harrison Bader 0-0: Swinging Strike
0-1: Ball
1-1: Ball
2-1: Called Strike
2-2: Foul Ball, location: 2F
2-2: Foul Ball, location: 2F
2-2: Foul Ball, location: 2F
2-2: Foul Ball, location: 2F
2-2: Fly out, F8 (Line Drive, 8LM, EV 85.0 MPH)
Bottom of the 7th over - 0 runs, 1 hit, 0 errors, 1 left on base; Colorado 8 - St. Louis 5
TOP OF THE 8TH
Colorado Rockies batting - Pitching for St. Louis Cardinals : RHP Kodi Whitley
Now in LF: Addison Russell
Batting: LHB Tony Wolters 0-0: Called Strike
0-1: Ball
1-1: Fly out, F7 (Flyball, 7D, EV 86.3 MPH)
Batting: RHB Yonathan Daza 0-0: Swinging Strike
0-1: Ball
1-1: Ground out 5-3 (Groundball, 56S, EV 86.9 MPH)
Pinch Hitting: RHB Ian Desmond 0-0: Ground out U3 (Groundball, 3, EV 97.5 MPH)
Top of the 8th over - 0 runs, 0 hits, 0 errors, 0 left on base; Colorado 8 - St. Louis 5
BOTTOM OF THE 8TH
St. Louis Cardinals batting - Pitching for Colorado Rockies : RHP Bryan Shaw
Pitching: RHP Carlos Estevez
Batting: RHB Yadier Molina 0-0: Ball
1-0: Called Strike
1-1: Ball
2-1: Called Strike
2-2: Foul Ball, location: 2F
2-2: Strikes out swinging
Pinch Hitting: SHB Dexter Fowler 0-0: Ball
1-0: Foul Ball, location: 2F
1-1: Ball
2-1: Foul Ball, location: 2F
2-2: Ball
3-2: Foul Ball, location: 2F
3-2: Base on Balls
Batting: LHB Kolten Wong 0-0: Called Strike
0-1: Ball
1-1: Called Strike
1-2: SINGLE (Line Drive, 3D, EV 102.5 MPH)
Dexter Fowler to second
Batting: LHB Matt Carpenter 0-0: Called Strike
0-1: Foul Ball, location: 2F
0-2: Ball
1-2: Ball
2-2: Grounds into double play, 3-6-3 (Groundball, 34, EV 83.8 MPH)
Bottom of the 8th over - 0 runs, 1 hit, 0 errors, 1 left on base; Colorado 8 - St. Louis 5
TOP OF THE 9TH
Colorado Rockies batting - Pitching for St. Louis Cardinals : RHP Kodi Whitley
Pitching: RHP Giovanny Gallegos
Batting: LHB Raimel Tapia 0-0: Ball
1-0: Called Strike
1-1: Ball
2-1: DOUBLE (Line Drive, 89XD, EV 112.5 MPH)
Batting: RHB Trevor Story 0-0: Called Strike
0-1: Sac Bunt to 23 - play at first, batter OUT! 3-4
Raimel Tapia to third
Batting: LHB Charlie Blackmon 0-0: Called Strike
0-1: Swinging Strike
0-2: Ball
1-2: Ball
2-2: Strikes out swinging
Batting: RHB Nolan Arenado 0-0: Ball
1-0: Ball
2-0: Ball
3-0: Fly out, F9 (Flyball, 9LD, EV 102.5 MPH)
Top of the 9th over - 0 runs, 1 hit, 0 errors, 1 left on base; Colorado 8 - St. Louis 5
BOTTOM OF THE 9TH
St. Louis Cardinals batting - Pitching for Colorado Rockies : RHP Carlos Estevez
Pitching: RHP Scott Oberg
Batting: RHB Paul Goldschmidt 0-0: Ball
1-0: Ball
2-0: Ball
3-0: Called Strike
3-1: Base on Balls
Batting: RHB Addison Russell 0-0: Fly out, F6 (Popup, 6S, EV 77.5 MPH)
Batting: RHB Tyler O'Neill 0-0: Called Strike
0-1: Called Strike
0-2: Foul Ball, location: 2F
0-2: Ball
1-2: Strikes out swinging
Batting: RHB Paul DeJong 0-0: Called Strike
0-1: Called Strike
0-2: Ball
1-2: Ball
2-2: Strikes out looking
Bottom of the 9th over - 0 runs, 0 hits, 0 errors, 1 left on base; Colorado 8 - St. Louis 5
Wednesday, June 24th, 2020 - OOTP Baseball 21.4 Build 63